 Dungeon Crawl Stone Soup version 0.27.1-33-g824d729ab1 (webtiles) character file.

Game seed: 9698493438120945536

170 pkoi the Charlatan (level 5, -6/40 HPs)
             Began as a Draconian Artificer on Dec 3, 2021.
             Splashed by a jelly's acid (10 damage)
             ... on level 4 of the Dungeon.
             The game lasted 00:04:25 (4479 turns).

pkoi the Charlatan (Draconian Artificer)            Turns: 4479, Time: 00:04:27

Health: -6/40      AC: -7    Str: 14    XL:     5   Next: 26%
Magic:  5/5        EV: 12    Int: 13    God:
Gold:   171        SH:  0    Dex: 11    Spells: 4/4 levels left

rFire    . . .     SeeInvis .   g - +3 dagger (speed)
rCold    . . .     Faith    .   (no shield)
rNeg     . . .     Spirit   .   (armour unavailable)
rPois    .         Reflect  .   (helmet restricted)
rElec    .         Harm     .   (no cloak)
rCorr    .         Rampage  .   (no gloves)
Will     .....                  (no boots)
Stlth    +.........             (no amulet)
HPRegen  0.13/turn              (no ring)
MPRegen  0.09/turn              (no ring)

@: corroded
A: AC +5, unfitting armour, cold-blooded
a: no special abilities


You were on level 4 of the Dungeon.
You visited 1 branch of the dungeon, and saw 4 of its levels.

You collected 171 gold pieces.

Inventory:

Hand Weapons
 a - a +0 club
 g - a +3 dagger of speed (weapon)
 h - a +0 dagger
 l - a +0 short sword
Jewellery
 k - an amulet of guardian spirit
Wands
 b - a wand of flame (2) (quivered)
 c - a wand of charming (15)
Scrolls
 m - a scroll of brand weapon {unknown}
 n - a scroll of amnesia
 p - a scroll of fog {unknown}
Potions
 e - 2 potions of berserk rage
 f - a potion of degeneration {unknown}
 i - a potion of might
 j - a potion of heal wounds {unknown}
 o - a potion of curing
Miscellaneous
 d - a piece from Xom's chessboard (15/15)


   Skills:
 - Level 1.1 Fighting
 - Level 2.1 Dodging
 - Level 0.8 Stealth
 + Level 3.4 Unarmed Combat
 + Level 4.7 Evocations


You had 4 spell levels left.
You didn't know any spells.
Your spell library contained the following spells:

 Spells                   Type           Power      Damage    Failure   Level
 Passwall                 Tmut/Erth      0%         N/A       43%         2
 Conjure Flame            Conj/Fire      0%         6-21      67%         3
 Ignite Poison            Fire/Tmut/Pois 0%         N/A       67%         3
 Swiftness                Air            0%         N/A       67%         3
 Sticky Flame             Conj/Fire      0%         2d3       97%         4
 Invisibility             Hex            0%         N/A       100%        6


Dungeon Overview and Level Annotations

Branches:
Dungeon (4/15)
 Temple: D:4-7

Altars:
Vehumet
Xom
Zin

Annotations:
D:4 exclusion: statue


Innate Abilities, Weirdness & Mutations

Your plain brown scales are hard. (AC +5)
You cannot fit into any form of body armour.
You are cold-blooded and may be slowed by cold attacks.


Message History

You hit the orc.
The orc is heavily wounded.
You hit the orc.
You tail-slap the orc, but do no damage.
The orc is almost dead.
The orc hits you with a +0 club.
You hit the orc.
You kill the orc!
Things that are here:
a +0 club; a +0 flail You now have 162 gold pieces (gained 16).
Found 9 gold pieces.
There is a fountain of clear blue water here.
You now have 171 gold pieces (gained 9).
Things that are here:
a +0 club; a +0 flail
There is an open door here.
You see here 27 stones.
You see here a +0 leather armour.
A jelly comes into view.
The jelly quivers.
A jelly is nearby!
A jelly is nearby!
The jelly hits you.
You are splashed with acid!
You are too injured to fight recklessly!
You hit the jelly but do no damage.
Your hands burn!
Your tail-slap misses the jelly.
You hit the jelly. The acid corrodes you!
Your hands burn!
The jelly is moderately wounded.
The jelly hits you.
* * * LOW HITPOINT WARNING * * *
The acid corrodes you!
You are splashed with acid.
* * * LOW HITPOINT WARNING * * *
You hit the jelly but do no damage. The acid corrodes you!
Your hands burn!
* * * LOW HITPOINT WARNING * * *
The jelly is moderately wounded.
The jelly hits you.
* * * LOW HITPOINT WARNING * * *
You are splashed with acid!
You die...

#.# #.# .. #(### ###
#. #... ..#
#.###.####### #.# ##
##..#..#......
#.####...
..........._.8
#......# ###.##.#.....
#......## #
#..#.#########........
#
##†#..........@J....#
# #.#.#####..###.....#
# #.#.# #.## ###### #
#.#.# #.# ####.#.# #.#
.......# #.#
#####..#####.###
#<..>(...[...#
####.#####.#.#


You could see a jelly.

Vanquished Creatures
  A necrophage (D:2)
  2 adders (D:2)
  2 worms (D:2)
  3 dart slugs (D:2)
  An orc (D:4)
  9 endoplasms
  4 giant cockroaches
  5 goblins
  5 hobgoblins
  2 jackals (D:3)
  4 kobolds
  A quokka (D:2)
  6 ball pythons
  A bat (D:2)
  5 frilled lizards
  8 rats
59 creatures vanquished.

Notes
Turn   | Place    | Note
-------+----------+-------------------------------------------
     0 | D:1      | pkoi the Draconian Artificer began the quest for the Orb.
     0 | D:1      | Reached XP level 1. HP: 16/16 MP: 1/1
   264 | D:1      | Reached skill level 1 in Unarmed Combat
   615 | D:1      | Reached XP level 2. HP: 23/23 MP: 2/2
  1321 | D:2      | Reached XP level 3. HP: 28/28 MP: 3/3
  1887 | D:2      | Noticed a necrophage
  1906 | D:2      | Killed a necrophage
  1907 | D:2      | Reached skill level 4 in Evocations
  1907 | D:2      | Reached XP level 4. HP: 10/35 MP: 4/4
  2534 | D:2      | Reached XP level 5. HP: 33/40 MP: 5/5
  3613 | D:3      | Found a faded altar of an unknown god.
  3637 | D:3      | Found a shimmering altar of Xom.
  3639 | D:3      | Noticed an angel
  3640 | D:3      | Found a glowing silver altar of Zin.
  4202 | D:4      | Found a radiant altar of Vehumet.
  4205 | D:4      | Noticed a charred statue
  4479 | D:4      | Splashed by a jelly's acid

Illustrated notes

Levels and vault maps discovered:
D:1:      co_arrival_two_rings, layout_loops_ring
D:2:      layout_loops_corners, st_stairs_7, small_statue_intersection,
          roderic_serpentine_path
D:3:      layout_basic, grunt_temple_overflow_order_and_chaos_1,
          dreamdust_ecumenical_altar_hidden_monk_grotto
D:4:      layout_basic, vehumet_statue, moated_statue, kennysheep_generic_room_9

Skill      XL: |  1  2  3 |
---------------+----------+-----
Unarmed Combat | 1 3 |  3.4
Evocations     | 4 |  4.7
Fighting       | |  1.1
Dodging        | |  2.1
Stealth        | |  0.8

Action                   |  1- 3 |  4- 6 || total
-------------------------+-------+-------++-------
Melee: Club              |    84 |       ||    84
       Tailslap          |    14 |    11 ||    25
       Short sword       |    23 |    70 ||    93
       Punch             |     1 |       ||     1
       Dagger            |       |    36 ||    36
Evoke: Wand              |    11 |     2 ||    13
       Piece from Xom's  |     5 |       ||     5
  Use: Scroll            |       |     7 ||     7
 Stab: Sleeping          |     2 |     3 ||     5
Armor: Skin              |    29 |    24 ||    53
Dodge: Dodged            |    67 |    56 ||   123
